SAL
KANNAPOLIS INTIMIDATORS @ WEST VIRGINIA POWER
06/16/2098
 
TOP OF THE 1ST
Kannapolis Intimidators batting - Pitching for West Virginia Power : LHP Dave Felshaw
Pitching: LHP Dave Felshaw
Batting: RHB John Iglesias 0-0: Ball
1-0: Swinging Strike
1-1: Foul Ball, location: 9LSF
1-2: Foul Ball, location: 25FF
1-2: Foul Ball, location: 2RF
1-2: Ball
2-2: Ball
3-2: Fly out, F8 (Flyball, 8RD, EV 98.8 MPH)
Batting: RHB Jon Newell 0-0: Ball
1-0: Ball
2-0: Called Strike
2-1: Ball
3-1: SINGLE (Line Drive, 34D, EV 94.4 MPH)
Batting: RHB Justin McWilliams 0-0: Called Strike
0-1: Foul Ball, location: 2F
0-2: Ball
1-2: Foul Ball, location: 9LSF
1-2: Foul Ball, location: 2F
1-2: Fly out, F9 (Flyball, 9D, EV 110.0 MPH)
Batting: RHB Aaron Morgan 0-0: Called Strike
0-1: SINGLE (Line Drive, 8RS, EV 85.6 MPH)
Jon Newell to second
Runner from 2nd tries for 3rd, SAFE, no throw by CF
Batting: LHB Tom Jarvis 0-0: Ball
Wild Pitch!
Jon Newell scores
Aaron Morgan to second
1-0: Ball
2-0: Called Strike
2-1: Ball
3-1: SINGLE (Groundball, 4MD, EV 103.1 MPH)
Aaron Morgan to third
Runner from 3rd tries for Home, SAFE, throw by CF to home
Tom Jarvis to second
Batting: SHB Jeremy Nussbaum 0-0: Ball
1-0: Foul Ball, location: 9LDF
1-1: Foul Ball, location: 5SF
1-2: Ball
2-2: Foul Ball, location: 9LDF
2-2: Fly out, F3 (Popup, 34S, EV 83.1 MPH)
Top of the 1st over - 2 runs, 3 hits, 0 errors, 1 left on base; Kannapolis 2 - West Virginia 0
BOTTOM OF THE 1ST
West Virginia Power batting - Pitching for Kannapolis Intimidators : LHP Rob Crossman
Pitching: LHP Rob Crossman
Batting: LHB Orlando Vega 0-0: Called Strike
0-1: SINGLE (Line Drive, 78M, EV 108.8 MPH)
Batting: RHB Brian Chisholm 0-0: Called Strike
0-1: Ball
1-1: Ball
2-1: Called Strike
2-2: Fielders Choice at 2nd, 4-6 (Groundball, 34, EV 90.6 MPH)
Batting: RHB Bryan Gibson 0-0: Ball
1-0: Foul Ball, location: 5F
1-1: Foul Ball, location: 9LDF
1-2: Foul Ball, location: 2F
1-2: Ball
2-2: Foul Ball, location: 5F
2-2: Foul Ball, location: 7LMFF
2-2: Foul Ball, location: 2F
2-2: Strikes out swinging
Batting: SHB Ken Campbell 0-0: Foul Ball, location: 3F
0-1: Swinging Strike
0-2: Strikes out looking
Bottom of the 1st over - 0 runs, 1 hit, 0 errors, 1 left on base; Kannapolis 2 - West Virginia 0
TOP OF THE 2ND
Kannapolis Intimidators batting - Pitching for West Virginia Power : LHP Dave Felshaw
Now in CF: Jim Arnold
Now in RF: Luis Pena
Batting: LHB Chris Fries 0-0: Swinging Strike
0-1: Foul Ball, location: 2F
0-2: Ball
1-2: Ball
2-2: Strikes out looking
Batting: RHB Bryce Spraggins 0-0: Foul Ball, location: 3FF
0-1: Ground out 1-3 (Groundball, 34S, EV 68.8 MPH)
Batting: RHB Travis Christensen 0-0: Ball
1-0: Fly out, F5 (Popup, 5F, EV 63.1 MPH)
Top of the 2nd over - 0 runs, 0 hits, 0 errors, 0 left on base; Kannapolis 2 - West Virginia 0
BOTTOM OF THE 2ND
West Virginia Power batting - Pitching for Kannapolis Intimidators : LHP Rob Crossman
Batting: SHB Jimmy Lucas 0-0: Ball
1-0: Ball
2-0: Fly out, F9 (Flyball, 9, EV 86.3 MPH)
Batting: RHB Jerry Evans 0-0: Called Strike
0-1: Ball
1-1: Ball
2-1: Foul Ball, location: 3FF
2-2: Strikes out swinging
Batting: RHB Stuart Steitz 0-0: Called Strike
0-1: SINGLE (Groundball, 4D, EV 95.6 MPH)
Batting: RHB Jim Arnold 0-0: Foul Ball, location: 2F
0-1: Swinging Strike
0-2: Foul Ball, location: 2F
0-2: Ball
1-2: Strikes out swinging
Bottom of the 2nd over - 0 runs, 1 hit, 0 errors, 1 left on base; Kannapolis 2 - West Virginia 0
TOP OF THE 3RD
Kannapolis Intimidators batting - Pitching for West Virginia Power : LHP Dave Felshaw
Batting: RHB John Iglesias 0-0: Ball
1-0: Ball
2-0: Ball
3-0: Called Strike
3-1: Foul Ball, location: 9LSF
3-2: Fly out, F9 (Flyball, 9LD, EV 111.3 MPH)
Batting: RHB Jon Newell 0-0: Ball
1-0: Foul Ball, location: 3F
1-1: Ball
2-1: Foul Ball, location: 9LSF
2-2: Fly out, F9 (Line Drive, 9LM, EV 85.6 MPH)
Batting: RHB Justin McWilliams 0-0: Called Strike
0-1: Swinging Strike
0-2: Ball
1-2: Ball
2-2: Strikes out looking
Top of the 3rd over - 0 runs, 0 hits, 0 errors, 0 left on base; Kannapolis 2 - West Virginia 0
BOTTOM OF THE 3RD
West Virginia Power batting - Pitching for Kannapolis Intimidators : LHP Rob Crossman
Batting: RHB Freddy Castellanos 0-0: Called Strike
0-1: Swinging Strike
0-2: Ball
1-2: Foul Ball, location: 2F
1-2: Ball
2-2: Foul Ball, location: 2F
2-2: Strikes out swinging
Batting: RHB Luis Pena 0-0: Called Strike
0-1: SINGLE (Line Drive, 34D, EV 104.4 MPH)
Batting: RHB Brian Chisholm 0-0: Called Strike
0-1: Ball
1-1: Foul Ball, location: 5FF
1-2: Ball
2-2: Strikes out swinging
Batting: RHB Bryan Gibson 0-0: Ball
1-0: Ball
2-0: Ball
3-0: Called Strike
3-1: Foul Ball, location: 3SF
3-2: Fly out, F9 (Flyball, 9LM, EV 95.6 MPH)
Bottom of the 3rd over - 0 runs, 1 hit, 0 errors, 1 left on base; Kannapolis 2 - West Virginia 0
TOP OF THE 4TH
Kannapolis Intimidators batting - Pitching for West Virginia Power : LHP Dave Felshaw
Batting: RHB Aaron Morgan 0-0: Ball
1-0: Ball
2-0: Called Strike
2-1: Fly out, F2 (Popup, 23F, EV 86.9 MPH)
Batting: LHB Tom Jarvis 0-0: Called Strike
0-1: Fly out, F8 (Flyball, 8LXD, EV 110.6 MPH)
Batting: SHB Jeremy Nussbaum 0-0: Ball
1-0: Ground out 5-3 (Groundball, 5L, EV 83.1 MPH)
Top of the 4th over - 0 runs, 0 hits, 0 errors, 0 left on base; Kannapolis 2 - West Virginia 0
BOTTOM OF THE 4TH
West Virginia Power batting - Pitching for Kannapolis Intimidators : LHP Rob Crossman
Batting: SHB Ken Campbell 0-0: Ball
1-0: Foul Ball, location: 9LMF
1-1: Ball
2-1: SINGLE (Groundball, 34D, EV 93.8 MPH)
Batting: SHB Jimmy Lucas 0-0: Called Strike
0-1: Called Strike
0-2: Ball
1-2: DOUBLE (Flyball, 8LXD, EV 96.3 MPH)
Ken Campbell to third
Batting: RHB Jerry Evans 0-0: Ball
1-0: Foul Ball, location: 23F
1-1: Called Strike
1-2: Ball
2-2: Ground out 6-3 (Groundball, 6M, EV 83.1 MPH)
Batting: RHB Stuart Steitz 0-0: Ball
Wild Pitch!
Ken Campbell scores
Jimmy Lucas to third
1-0: Foul Ball, location: 9LMF
1-1: Foul Ball, location: 9LSF
1-2: Fly out, F6 (Popup, 6MS, EV 71.9 MPH)
Batting: RHB Jim Arnold 0-0: Ground out 4-3 (Groundball, 4MS, EV 85.0 MPH)
Bottom of the 4th over - 1 run, 2 hits, 0 errors, 1 left on base; Kannapolis 2 - West Virginia 1
TOP OF THE 5TH
Kannapolis Intimidators batting - Pitching for West Virginia Power : LHP Dave Felshaw
Pitching: RHP Matthaus Martin
Batting: LHB Chris Fries 0-0: Called Strike
0-1: Ball
1-1: Ball
2-1: Foul Ball, location: 2F
2-2: DOUBLE (Groundball, 5L, EV 106.3 MPH)
Batting: RHB Bryce Spraggins 0-0: Ball
1-0: Fly out, F2 (Popup, 15S, EV 86.9 MPH)
Batting: RHB Travis Christensen 0-0: Ball
1-0: Ball
2-0: Ball
3-0: Base on Balls
Batting: RHB John Iglesias 0-0: DOUBLE (Line Drive, 78D, EV 105.6 MPH)
Chris Fries scores
Travis Christensen to third
Batting: RHB Jon Newell 0-0: Ball
1-0: Called Strike
1-1: Fly out, F9 (Flyball, 9S, EV 81.9 MPH)
Batting: RHB Justin McWilliams 0-0: Ball
1-0: Foul Ball, location: 2F
1-1: Foul Ball, location: 25FF
1-2: Fly out, F9 (Flyball, 9, EV 87.5 MPH)
Top of the 5th over - 1 run, 2 hits, 0 errors, 2 left on base; Kannapolis 3 - West Virginia 1
BOTTOM OF THE 5TH
West Virginia Power batting - Pitching for Kannapolis Intimidators : LHP Rob Crossman
Batting: RHB Freddy Castellanos 0-0: Foul Ball, location: 23F
0-1: Called Strike
0-2: Foul Ball, location: 9LSF
0-2: Ball
1-2: SINGLE (Line Drive, 89S, EV 110.0 MPH)
Pitching: RHP Derek Upchurch
Batting: RHB Luis Pena 0-0: Ball
1-0: Grounds into double play, 5-4-3 (Groundball, 56, EV 83.8 MPH)
Pinch Hitting: RHB Jason Wine 0-0: Ball
1-0: Called Strike
1-1: Swinging Strike
1-2: Strikes out swinging
Bottom of the 5th over - 0 runs, 1 hit, 0 errors, 0 left on base; Kannapolis 3 - West Virginia 1
TOP OF THE 6TH
Kannapolis Intimidators batting - Pitching for West Virginia Power : RHP Matthaus Martin
Now at 2B: Alejandro Fernandez
Batting: RHB Aaron Morgan 0-0: Ball
1-0: Foul Ball, location: 5DF
1-1: Ground out 6-3 (Groundball, 6, EV 87.5 MPH)
Batting: LHB Tom Jarvis 0-0: Ball
1-0: Ground out 5-3 (Groundball, 56S, EV 75.0 MPH)
Batting: SHB Jeremy Nussbaum 0-0: Ball
1-0: Called Strike
1-1: Ground out U3 (Groundball, 34S, EV 81.9 MPH)
Top of the 6th over - 0 runs, 0 hits, 0 errors, 0 left on base; Kannapolis 3 - West Virginia 1
BOTTOM OF THE 6TH
West Virginia Power batting - Pitching for Kannapolis Intimidators : RHP Derek Upchurch
Batting: RHB Bryan Gibson 0-0: Ball
1-0: Called Strike
1-1: Swinging Strike
1-2: Ball
2-2: Fly out, F9 (Flyball, 89D, EV 88.1 MPH)
Batting: SHB Ken Campbell 0-0: Ground out U3 (Groundball, 3, EV 81.9 MPH)
Batting: SHB Jimmy Lucas 0-0: Ball
1-0: Ball
2-0: Called Strike
2-1: Ball
3-1: Base on Balls
Batting: RHB Jerry Evans 0-0: Fly out, F7 (Flyball, 7, EV 80.6 MPH)
Bottom of the 6th over - 0 runs, 0 hits, 0 errors, 1 left on base; Kannapolis 3 - West Virginia 1
TOP OF THE 7TH
Kannapolis Intimidators batting - Pitching for West Virginia Power : RHP Matthaus Martin
Batting: LHB Chris Fries 0-0: SOLO HOME RUN (Flyball, 9D, EV 93.1 MPH), Distance : 364 ft
Batting: RHB Bryce Spraggins 0-0: Ground out 4-3 (Groundball, 34, EV 79.4 MPH)
Batting: RHB Travis Christensen 0-0: Foul Ball, location: 5SF
0-1: Foul Ball, location: 2F
0-2: Foul Ball, location: 25F
0-2: Ball
1-2: Ball
2-2: Ball
3-2: Base on Balls
Pitching: RHP Glen Urry
Batting: RHB John Iglesias 0-0: Ball
1-0: Ball
2-0: Ball
3-0: Base on Balls
Travis Christensen to second
Batting: RHB Jon Newell 0-0: Ball
1-0: Grounds into double play, 4-6-3 (Groundball, 4, EV 86.3 MPH)
Top of the 7th over - 1 run, 1 hit, 0 errors, 1 left on base; Kannapolis 4 - West Virginia 1
BOTTOM OF THE 7TH
West Virginia Power batting - Pitching for Kannapolis Intimidators : RHP Derek Upchurch
Batting: RHB Stuart Steitz 0-0: Ball
1-0: Ball
2-0: Ball
3-0: Base on Balls
Batting: RHB Jim Arnold 0-0: Ball
1-0: Foul Ball, location: 9LMF
1-1: Called Strike
1-2: Ground out 6-3 (Groundball, 6S, EV 63.8 MPH)
Stuart Steitz to second
Batting: RHB Freddy Castellanos 0-0: Swinging Strike
0-1: Swinging Strike
0-2: Ball
1-2: Ball
2-2: Strikes out swinging
Batting: RHB Luis Pena 0-0: Called Strike
0-1: Ball
1-1: Foul Ball, location: 2F
1-2: Ground out 5-3 (Groundball, 56S, EV 80.0 MPH)
Bottom of the 7th over - 0 runs, 0 hits, 0 errors, 1 left on base; Kannapolis 4 - West Virginia 1
TOP OF THE 8TH
Kannapolis Intimidators batting - Pitching for West Virginia Power : RHP Glen Urry
Batting: RHB Justin McWilliams 0-0: SINGLE (Groundball, 6M, EV 101.9 MPH)
Batting: RHB Aaron Morgan 0-0: Foul Ball, location: 2F
0-1: Hit by Pitch
Justin McWilliams to second
Batting: LHB Tom Jarvis 0-0: Ball
1-0: Foul Ball, location: 7LDF
1-1: Fly out, F8 (Flyball, 8LD, EV 95.6 MPH)
Batting: SHB Jeremy Nussbaum 0-0: Fielders Choice at 2nd, 1-6 (Groundball, 13S, EV 60.6 MPH)
Justin McWilliams to third
Batting: LHB Chris Fries 0-0: Ball
1-0: Ball
2-0: Ball
3-0: Called Strike
3-1: Ground out 4-3 (Groundball, 34, EV 105.6 MPH)
Top of the 8th over - 0 runs, 1 hit, 0 errors, 2 left on base; Kannapolis 4 - West Virginia 1
BOTTOM OF THE 8TH
West Virginia Power batting - Pitching for Kannapolis Intimidators : RHP Derek Upchurch
Batting: RHB Alejandro Fernandez 0-0: Called Strike
0-1: Swinging Strike
0-2: Strikes out swinging
Batting: RHB Bryan Gibson 0-0: Ground out 2-3 (Groundball, 2L, EV 71.9 MPH)
Batting: SHB Ken Campbell 0-0: Called Strike
0-1: Ball
1-1: Ball
2-1: Foul Ball, location: 7LSF
2-2: Strikes out swinging
Bottom of the 8th over - 0 runs, 0 hits, 0 errors, 0 left on base; Kannapolis 4 - West Virginia 1
TOP OF THE 9TH
Kannapolis Intimidators batting - Pitching for West Virginia Power : RHP Glen Urry
Batting: RHB Bryce Spraggins 0-0: Ball
1-0: Ball
2-0: Foul Ball, location: 9LDF
2-1: Ball
3-1: Swinging Strike
3-2: Base on Balls
Batting: RHB Travis Christensen 0-0: Fly out, F5 (Popup, 25F, EV 87.5 MPH)
Batting: RHB John Iglesias 0-0: Ball
1-0: Called Strike
1-1: SINGLE (Line Drive, 89S, EV 103.8 MPH)
Bryce Spraggins to second
Batting: RHB Jon Newell 0-0: Called Strike
0-1: SINGLE (Line Drive, 89S, EV 103.8 MPH)
Bryce Spraggins to third
John Iglesias to second
Batting: RHB Justin McWilliams 0-0: GRAND SLAM HOME RUN (Flyball, 7D, EV 95.0 MPH), Distance : 364 ft
Pinch Hitting: RHB Chris Sanuki 0-0: Ball
1-0: Ball
2-0: Foul Ball, location: 2F
2-1: Swinging Strike
2-2: Ball
3-2: Foul Ball, location: 9LSF
3-2: Ground out 6-3 (Groundball, 6S, EV 80.0 MPH)
Pinch Hitting: LHB David Ribaudo 0-0: Called Strike
0-1: Foul Ball, location: 2F
0-2: Fly out, F2 (Popup, 25F, EV 84.4 MPH)
Top of the 9th over - 4 runs, 3 hits, 0 errors, 0 left on base; Kannapolis 8 - West Virginia 1
BOTTOM OF THE 9TH
West Virginia Power batting - Pitching for Kannapolis Intimidators : RHP Derek Upchurch
Now at 3B: Matt Schmidl
Now in CF: David Ribaudo
Batting: SHB Jimmy Lucas 0-0: SINGLE (Flyball, 89S, EV 97.5 MPH) - OUT at second base trying to stretch hit.
Pinch Hitting: RHB Mark Severtson 0-0: SINGLE (Flyball, 34D, EV 96.3 MPH)
Batting: RHB Stuart Steitz 0-0: Ball
1-0: Called Strike
1-1: Foul Ball, location: 2F
1-2: Strikes out swinging
Batting: RHB Jim Arnold 0-0: Ball
1-0: Foul Ball, location: 9LMF
1-1: Foul Ball, location: 2F
1-2: Strikes out swinging
Bottom of the 9th over - 0 runs, 2 hits, 0 errors, 1 left on base; Kannapolis 8 - West Virginia 1
Sunday, April 7th , 2024 - OOTP Baseball 24.11 Build 85